 Dungeon Crawl Stone Soup version 0.22.0-16-gc6d26f69f9 (webtiles) character file.

236 Peloso the Shield-Bearer (level 5, -6/48 HPs)
             Began as a Minotaur Fighter on Aug 18, 2018.
             Mangled by an ogre
             ... wielding a +0 giant club
              (21 damage)
             ... on level 4 of the Dungeon.
             The game lasted 00:05:59 (2984 turns).

Peloso the Shield-Bearer (Minotaur Fighter)         Turns: 2984, Time: 00:06:00

Health: -6/48      AC: 11    Str: 20    XL:     5   Next: 77%
Magic:  4/4        EV:  6    Int:  5    God:
Gold:   180        SH: 10    Dex: 11    Spells: 4/4 levels left

rFire    . . .     SeeInvis .   a - +0 long sword
rCold    . . .     Gourm    +   c - +0 shield
rNeg     . . .     Faith    .   b - +0 chain mail
rPois    .         Spirit   .   j - +2 hat
rElec    .         Reflect  .   (no cloak)
rCorr    .         Harm     .   (no gloves)
MR       .....                  (no boots)
Stlth    ..........             g - amulet of the gourmand
HPRegen  0.16/turn              o - ring of attention (curse)
MPRegen  0.09/turn              (no ring)

@: no status effects
A: retaliatory headbutt, horns 2
a: no special abilities


You were on level 4 of the Dungeon.
You were completely stuffed.

You visited 1 branch of the dungeon, and saw 4 of its levels.

You collected 180 gold pieces.

Inventory:

Hand Weapons
 a - a +0 long sword (weapon)
Armour
 b - a +0 chain mail (worn)
 c - a +0 shield (worn)
 j - a +2 hat (worn)
Jewellery
 g - an amulet of the gourmand (around neck)
 o - a cursed ring of attention (left hand)
Wands
 t - a wand of random effects (14)
Scrolls
 e - 5 scrolls of identify {unknown}
 h - a scroll of fog {unknown}
 i - 2 scrolls of remove curse {unknown}
 q - 2 scrolls of blinking {unknown}
 r - a scroll of enchant armour {unknown}
 u - a scroll of enchant weapon {unknown}
 v - a scroll of magic mapping {unknown}
 x - a scroll of amnesia {unknown}
Potions
 d - a potion of might
 k - a potion of mutation {unknown}
 l - 3 potions of lignification {unknown}
 m - 2 potions of heal wounds {unknown}
 n - a potion of brilliance {unknown}
 p - a potion of magic {unknown}
 s - a potion of haste {unknown}
Comestibles
 f - 7 rations
 w - 4 chunks of flesh


   Skills:
 + Level 5.1 Fighting
 + Level 3.8 Long Blades
 + Level 4.5 Armour
 + Level 1.4 Dodging
 + Level 0.1 Stealth
 + Level 5.2 Shields


You had 4 spell levels left.
You didn't know any spells.
Your spell library was empty.

Dungeon Overview and Level Annotations

Branches:
Dungeon (4/15)
 Temple: D:4-7

Altars:
Cheibriados
Elyvilon
Kikubaaqudgha

Annotations:
D:3 2 transporters, P0NYSLAYSTATION's ghost, weakling HOFi
D:4 2 transporters, Nurxa's ghost, amateur GrFi


Innate Abilities, Weirdness & Mutations

You reflexively headbutt those who attack you in melee.
You have a pair of horns on your head.


Message History

The ogre is lightly wounded.
The ogre hits you with a giant club.
Your chain mail prevents you from hitting the ogre.
The ogre is lightly wounded.
The ogre hits you with a giant club!!
Ouch! That really hurt!
You barely miss the ogre.
The ogre is lightly wounded.
You block the ogre's attack.
You slash the ogre! You headbutt the ogre.
The ogre is heavily wounded.
The ogre hits you with a giant club!
* * * LOW HITPOINT WARNING * * *
You slash the ogre! Your headbutt misses the ogre.
The ogre is severely wounded.
You block the ogre's attack.
Your shield and chain mail prevent you from hitting the ogre.
The ogre is severely wounded.
The ogre hits you with a giant club!!
You die...

...# ##.#
######## ##.#
#......# ##.#
#..!...# ##.#
####.>....#
##†#
#.........#
##)#
#.........#
##[#
#.........#
##†##
#....##.@##
##).#
#...####.O#
.##.#####...#
##...
.....).##...#
.#...
##))..<##...#
.#.#..#
...##..##...#
.. . ..
....##..#...#
## # #
.....##..####
.....##..).#


You could see an ogre.

Vanquished Creatures
  Terence (D:2)
  A worker ant (D:4)
  6 adders
  An ooze (D:1)
  An adder skeleton (D:4)
  6 worms
  4 dart slugs
  3 leopard geckos
  9 orcs
  5 bats
  6 giant cockroaches
  13 goblins
  8 hobgoblins
  5 jackals
  2 ball pythons
  11 kobolds
  2 rats (D:2)
  2 bushes (D:1)
86 creatures vanquished.

Notes
Turn   | Place    | Note
-------+----------+-------------------------------------------
     0 | D:1      | Peloso the Minotaur Fighter began the quest for the Orb.
     0 | D:1      | Reached XP level 1. HP: 19/19 MP: 0/0
   289 | D:1      | Reached XP level 2. HP: 24/27 MP: 1/1
   487 | D:1      | Reached XP level 3. HP: 27/33 MP: 2/2
  1518 | D:2      | Found a white marble altar of Elyvilon.
  1597 | D:2      | Reached skill level 1 in Dodging
  1779 | D:2      | Noticed Terence
  1798 | D:2      | Killed Terence
  1798 | D:2      | Reached XP level 4. HP: 23/41 MP: 3/3
  2113 | D:3      | Found a transporter.
  2138 | D:3      | Noticed P0NYSLAYSTATION's ghost (weakling HOFi)
  2141 | D:3      | Found a transporter.
  2323 | D:3      | Reached skill level 5 in Fighting
  2323 | D:3      | Reached XP level 5. HP: 19/48 MP: 4/4
  2641 | D:3      | Found a snail-covered altar of Cheibriados.
  2722 | D:3      | Found an ancient bone altar of Kikubaaqudgha.
  2828 | D:4      | Found a transporter.
  2828 | D:4      | Noticed a phantom
  2855 | D:4      | Found a transporter.
  2856 | D:4      | Noticed Nurxa's ghost (amateur GrFi)
  2913 | D:4      | Reached skill level 5 in Shields
  2976 | D:4      | Noticed an ogre
  2984 | D:4      | Mangled by an ogre

Skill      XL: |  1  2  3  4  5 |
---------------+----------------+-----
Shields        | 4 5 |  5.2
Fighting       | 4 5 |  5.1
Armour         | 4 |  4.5
Long Blades    | 3 |  3.8
Dodging        | 1 |  1.4
Stealth        | |  0.1

Action                   |  1- 3 |  4- 6 || total
-------------------------+-------+-------++-------
Melee: Long sword        |   235 |   134 ||   369
       Headbutt          |    73 |    32 ||   105
  Eat: Chunk             |     4 |    13 ||    17
Armor: Scale mail        |    33 |       ||    33
       Chain mail        |    15 |    89 ||   104
Dodge: Dodged            |    30 |    48 ||    78
Block: Shield            |    60 |   100 ||   160
       Rpst.: Long sword |     5 |    13 ||    18
